 Dungeon Crawl Stone Soup version 0.28.0-53-g5a82cb258f (webtiles) character file.

Game seed: 14785386386247041375

143 LynnLen the Sneak (level 5, 0/28 HPs)
             Began as a Vampire Enchanter on July 25, 2022.
             Slain by a rat (1 damage)
             ... in a sewer.
             The game lasted 00:04:19 (2006 turns).

LynnLen the Sneak (Vampire Enchanter)               Turns: 2006, Time: 00:04:19

Health: 0/28       AC:  2    Str:  7    XL:     5   Next: 4%
Magic:  8/8        EV: 13    Int: 17    God:
Gold:   51         SH:  0    Dex: 17    Spells: 3/8 levels left

rFire   . . .      SeeInvis +   a - +1 dagger
rCold   + + .      Faith    .   (no shield)
rNeg    + + +      Spirit   .   b - +0 robe
rPois   ∞          Reflect  .   (no helmet)
rElec   .          Harm     .   (no cloak)
rCorr   .          Rampage  .   (no gloves)
Will    .....                   (no boots)
Stlth   ++++++....              (no amulet)
HPRegen 0.00/turn               (no ring)
MPRegen 0.11/turn               (no ring)

@: about to teleport, mesmerised, bloodless, inhibited regen
A: bloodless, fangs 3, see invisible, vampiric 2
a: Bat Form, Revivify


You were in a sewer.
You visited 1 branch of the dungeon, and saw 4 of its levels.
You also visited: Sewer.

You collected 51 gold pieces.

Inventory:

Hand Weapons
 a - a +1 dagger (weapon)
Armour
 b - a +0 robe (worn)
Potions
 c - a potion of attraction {unknown}


   Skills:
 * Level 2.4 Short Blades
 + Level 2.5 Dodging
 * Level 7.7 Stealth
 + Level 2.2 Spellcasting
 - Level 4.4 Hexes


You had 3 spell levels left.
You knew the following spells:

 Your Spells              Type           Power      Damage    Failure   Level
a - Confusing Touch       Hex            16%        N/A       10%         3
b - Ensorcelled Hibernat  Hex/Ice        18%        N/A       12%         2

Your spell library contained the following spells:

 Spells                   Type           Power      Damage    Failure   Level
 Tukima's Dance           Hex            16%        N/A       10%         3
 Dazzling Flash           Conj/Hex       18%        N/A       22%         3
 Anguish                  Hex/Necr       4%         N/A       58%         4
 Enfeeble                 Hex            8%         N/A       100%        7


Dungeon Overview and Level Annotations

Branches:
Dungeon (4/15)              Sewer (1/1)
 Temple: D:4-7

Altars:
Elyvilon


Innate Abilities, Weirdness & Mutations

You do not regenerate when monsters are visible.
You are frail without blood (-20% HP).
You can heal yourself when you bite living creatures.
You are immune to poison.
You have razor-sharp teeth.
You have supernaturally acute eyesight. (SInv)
You are afflicted with vampirism and can become a bat while bloodless.


Message History

Found 12 gold pieces.
The helpless rat fails to defend itself.
You bite the rat, and draw its blood! You stick the rat like a pincushion!!!
You kill the rat!
You see here a rat corpse.
A rat comes into view.
The frilled lizard hisses angrily. x2; The adder hisses angrily.
The rat bites you.
The sickly merfolk siren chants a haunting song.
You are mesmerised by the sickly merfolk siren!
The frilled lizard bites you but does no damage.
The frilled lizard closely misses you. The adder closely misses you.
You cannot move away from the sickly merfolk siren!
You cannot move away from the sickly merfolk siren!
Unknown command.
You cannot move away from the sickly merfolk siren!
You cannot move away from the sickly merfolk siren!
As you read the scroll of teleportation, it crumbles to dust.
You feel strangely unstable.
The sickly merfolk siren hits you from afar with a +0 spear!!
Ouch! That really hurt!
The frilled lizard bites you but does no damage.
The adder bites you.
* * * LOW HITPOINT WARNING * * *
The frilled lizard misses you.
You hit the adder but do no damage.
The sickly merfolk siren chants its luring song.
The adder closely misses you.
The frilled lizard barely misses you. x2
You hit the frilled lizard.
You kill the frilled lizard!
The adder barely misses you. The quokka barely misses you.
The sickly merfolk siren hits you from afar with a +0 spear.
* * * LOW HITPOINT WARNING * * *
The frilled lizard misses you.
You hit the rat.
The rat is moderately wounded.
The adder barely misses you. The quokka bites you.
* * * LOW HITPOINT WARNING * * *
The rat bites you.
You die...

##### †≈##########
######
≈≈†≈≈≈≈≈≈≈≈#
..$$$#
########≈≈≈###
.≈..
#.#≈≈≈###≈####
#†##≈≈≈≈≈≈≈≈≈# #
#.......≈r≈m≈# #≈#
#######..rl≈≈#≈≈≈#
##†@r≈≈≈≈#
###S..≈## ######


You could see a sickly merfolk siren (mesmerising), an adder, a quokka, a
frilled lizard and 2 rats.

Vanquished Creatures
  An ogre (D:4)
  A hound skeleton (D:4)
  A river rat (Sewer)
  2 ball pythons
  5 endoplasms
  4 giant cockroaches
  A hobgoblin (D:1)
  2 kobolds
  A quokka (Sewer)
  3 bats (D:1)
  2 frilled lizards (Sewer)
  4 goblins
  12 rats
39 creatures vanquished.

Vanquished Creatures (others)
  5 demonic plants (D:1)
  4 fungi (D:1)
  A plant (D:1)
  A withered plant (D:1)
11 creatures vanquished.

Grand Total: 50 creatures vanquished

Notes
Turn   | Place    | Note
-------+----------+-------------------------------------------
     0 | D:1      | LynnLen the Vampire Enchanter began the quest for the Orb.
     0 | D:1      | Reached XP level 1. HP: 13/13 MP: 3/3
   429 | D:1      | Reached skill level 5 in Stealth
   454 | D:1      | Reached XP level 2. HP: 3/15 MP: 5/5
  1053 | D:1      | Found a faded altar of an unknown god.
  1757 | D:2      | You fall into a shaft and drop 2 floors!
  1793 | D:4      | Reached skill level 6 in Stealth
  1793 | D:4      | Gained mutation: You are afflicted with vampirism and can
                  | become a bat while bloodless. [Vampire growth]
  1793 | D:4      | Reached XP level 3. HP: 16/19 MP: 6/6
  1797 | D:4      | Learned a level 3 spell: Confusing Touch
  1800 | D:4      | Learned a level 2 spell: Ensorcelled Hibernation
  1838 | D:4      | Noticed an ogre
  1845 | D:4      | Killed an ogre
  1846 | D:4      | Reached skill level 7 in Stealth
  1846 | D:4      | Reached XP level 4. HP: 24/24 MP: 7/7
  1875 | D:3      | Found a glowing drain.
  1885 | Sewer    | Entered a sewer
  1953 | Sewer    | Reached XP level 5. HP: 28/28 MP: 8/8
  2006 | Sewer    | HP: 1/28 [quokka (4)]
  2006 | Sewer    | Slain by a rat

Illustrated notes

Levels and vault maps discovered:
D:1:      kilobyte_arrival_exit_the_forest, layout_basic,
          shapermc_ecumenical_altar_gd
D:2:      layout_rooms, basic_altar, uniq_natasha, uniq_robin
D:3:      layout_basic, cheibrodos_sewer_entry_drain
D:4:      minmay_wonky_spiral, layout_rooms, nicolae_overflow_hidden_temple,
          mainiacjoe_overflow_brackets, minmay_temple_entry_glass, serial_shops,
          nicolae_shop_behind_doors
Sewer:    sewer_sea

Skill      XL: |  1  2  3 |
---------------+----------+-----
Stealth        | 5 6 7 |  7.7
Short Blades   | 2 |  2.4
Dodging        | |  2.5
Spellcasting   | |  2.2
Hexes          | |  4.4

Action                   |  1- 3 |  4- 6 || total
-------------------------+-------+-------++-------
Melee: Dagger            |    60 |    36 ||    96
       Bite              |     7 |       ||     7
 Abil: Exsanguinate      |     1 |       ||     1
  Use: Potion            |     2 |       ||     2
       Scroll            |     2 |     1 ||     3
 Stab: Sleeping          |    10 |    11 ||    21
Armor: Robe              |     6 |     7 ||    13
Dodge: Dodged            |    34 |    22 ||    56
